 Dungeon Crawl Stone Soup version 0.28-a0-1524-ge72afd5fc6 (webtiles) character file.

Game seed: 5459409157190780179

1 murtidash the Sneak (level 1, -21/20 HPs)
             Began as a Hill Orc Delver on Jan 18, 2022.
             Demolished by an ogre (25 damage)
             ... on level 5 of the Dungeon.
             The game lasted 00:00:31 (157 turns).

murtidash the Sneak (Hill Orc Delver)                Turns: 157, Time: 00:00:31

Health: -21/20     AC:  3    Str: 14    XL:     1   Next: 20%
Magic:  1/1        EV: 11    Int: 10    God:
Gold:   38         SH:  0    Dex: 12    Spells: 0/0 levels left

rFire   . . .      SeeInvis .   a - +0 hand axe
rCold   . . .      Faith    .   (no shield)
rNeg    . . .      Spirit   .   b - +0 leather armour
rPois   .          Reflect  .   (no helmet)
rElec   .          Harm     .   (no cloak)
rCorr   .          Rampage  .   (no gloves)
Will    .....                   (no boots)
Stlth   ++........              (no amulet)
HPRegen 0.06/turn               (no ring)
MPRegen 0.07/turn               (no ring)

@: no status effects
A: no striking features
a: no special abilities


You were on level 5 of the Dungeon.
You visited 1 branch of the dungeon, and saw 1 of its levels.

You collected 38 gold pieces.

Inventory:

Hand Weapons
 a - a +0 hand axe (weapon)
Armour
 b - a +0 leather armour (worn)
Wands
 g - a wand of digging (3)
Scrolls
 c - a scroll of fog
 d - a scroll of magic mapping {!r}
 e - a scroll of fear
Potions
 f - a potion of haste
 h - a potion of curing {unknown}


   Skills:
 + Level 3.7 Fighting
 + Level 2.8 Axes
 - Level 1.5 Dodging
 - Level 4.1 Stealth


You couldn't memorise any spells.
You didn't know any spells.
Your spell library contained the following spells:

 Spells                   Type           Power      Damage    Failure   Level
 Blink                    Tloc           0%         N/A       58%         2
 Manifold Assault         Tloc           0%         N/A       100%        5
 Storm Form               Tmut/Air       0%         N/A       100%        7


Dungeon Overview and Level Annotations

Branches:
Dungeon (5/15)
 Temple: D:4-7

Altars:


Message History

Welcome, murtidash the Hill Orc Delver.
The Orb of Zot is coveted for many reasons.
Will you seize it for your own?
Found a stone staircase leading down.
Lua error: attempt to yield across metamethod/C-call boundary
h - a golden potion A howler monkey comes into view.
You now have 20 gold pieces.
You now have 38 gold pieces (gained 18).
You pick up an Inescapable Atlas and begin reading...
You add the spells Blink, Manifold Assault and Storm Form to your library.
Unknown command.
Unknown command.
A quokka comes into view.
A bullfrog skeleton comes into view.
The quokka closely misses you.
You closely miss the quokka. The quokka barely misses you.
The quokka bites you.
You take 3 damage, and have 16/19 hp.
You hit the quokka but do no damage. You punch the quokka, but do no damage.
The quokka closely misses you.
You hit the quokka. The quokka barely misses you. The quokka bites you.
You take 4 damage, and have 12/19 hp.
MASSIVE DAMAGE!!
You are too injured to fight recklessly!
You are too injured to fight recklessly!
You are too injured to fight recklessly!
You are too injured to fight recklessly!
You are too injured to fight recklessly!
You are too injured to fight recklessly!
You are too injured to fight recklessly!
You are too injured to fight recklessly!
You are too injured to fight recklessly!
You are too injured to fight recklessly!
You are too injured to fight recklessly!
You are too injured to fight recklessly!
You are too injured to fight recklessly!
You are too injured to fight recklessly!
You are too injured to fight recklessly!
You are too injured to fight recklessly!
You are too injured to fight recklessly!
You barely miss the quokka. The quokka closely misses you.
You barely miss the quokka. The quokka bites you. x2
You take 2 damage, and have 10/19 hp.
You slash the quokka!
You kill the quokka!
You hit the bullfrog skeleton.
The bullfrog skeleton hits you but does no damage.
The bullfrog skeleton closely misses you.
The bullfrog skeleton barely misses you.
The bullfrog skeleton hits you.
You see here 9 gold pieces.
You take 4 damage, and have 7/20 hp.
Really walk into that dispersal trap?
You enter a dispersal trap!
The bullfrog skeleton blinks! x2; You blink.
An ogre comes into view. It is wielding a +0 giant club.
Found two stone staircases leading up.
The ogre shouts!
A scorpion comes into view.
The bullfrog skeleton hits you.
* * * LOW HITPOINT WARNING * * *
You take 4 damage, and have 4/20 hp.
The ogre hits you with a +0 giant club!!
Ouch! That really hurt!
You die...

#.##.......... ..
..... #...........#
.#..... .##..........#
....... .............#
##.$.... #...........#
#.†...#
#...s.......####..##
#..............#...#.#
#.##.OZ.....$..#...#.#
#.....@...^..........#
###.....#########.#.##
#...<.+ ........#..#
+.....# ##..#......##
#.....# # +........
#.....# #........
......# #........
.......# #...#....
#.....+....


You could see an ogre, a scorpion and a bullfrog skeleton.

Vanquished Creatures
  A quokka (D:5)
1 creature vanquished.

Notes
Turn   | Place    | Note
-------+----------+-------------------------------------------
     0 | D:5      | murtidash the Hill Orc Delver began the quest for the Orb.
     0 | D:5      | Reached XP level 1. HP: 19/19 MP: 1/1
   102 | D:5      | Noticed a howler monkey
   153 | D:5      | Noticed an ogre
   153 | D:5      | Noticed a scorpion
   156 | D:5      | HP: 4/20 [bullfrog skeleton (4)]
   157 | D:5      | Demolished by an ogre

Illustrated notes

Levels and vault maps discovered:
D:5:      layout_basic, corexii_shack

Action                   || total
-------------------------++-------
Melee: Hand axe          ||     6
       Punch             ||     1
Armor: Leather armour    ||     1
Dodge: Dodged            ||     7

Table legend: (Time is in decaauts)
 A = Elapsed time spent in this place.
 B = Non-inter-level travel time spent in this place.
 C = Inter-level travel time spent in this place.
 D = Time resting spent in this place.
 E = Time spent auto-exploring this place.
 F = Levels seen in this place.
 G = Mean time per level.
                   A        B        C        D        E       F      G
               +--------+--------+--------+--------+--------+-----+--------+
         Total |    158 |    158 |      0 |      0 |    103 |   1 |  158.0 |
       Dungeon |    158 |    158 |      0 |      0 |    103 |   1 |  158.0 |
               +--------+--------+--------+--------+--------+-----+--------+

Top non-repeatable levels by time:
     D:5: 158 daAuts

Table legend:
 A = Kills in this place as a percentage of kills in entire the game.
 B = Kills by you in this place as a percentage of kills by you in the entire game.
 C = Kills by friends in this place as a percentage of kills by friends in the entire game.
 D = Other kills in this place as a percentage of other kills in the entire game.
 E = Experience gained in this place as a percentage of experience gained in the entire game.
 F = Experience gained in this place divided by the number of levels of this place that you have seen.
                   A       B       C       D       E      F
               +-------+-------+-------+-------+-------+----------------------
         Total | 100.0 | 100.0 |   N/A |   N/A | 100.0 |   2.0
       Dungeon | 100.0 | 100.0 |   N/A |   N/A | 100.0 |   2.0
               +-------+-------+-------+-------+-------+----------------------
